 Dungeon Crawl Stone Soup version 0.31.0 (webtiles) character file.

Game seed: 11270923621299555631

236 qw the Shooter (level 6, -1/38 HPs)
             Began as a Gargoyle Hunter on Jan 20, 2024.
             Slain by an orc
             ... wielding a +0 flail
              (4 damage)
             ... on level 4 of the Dungeon.
             The game lasted 00:00:10 (2365 turns).

qw the Shooter (Gargoyle Hunter)                    Turns: 2365, Time: 00:00:10

Health: -1/38      AC:  7    Str: 20    XL:     6   Next: 6%
Magic:  6/6        EV: 11    Int: 10    God:
Gold:   178        SH:  0    Dex: 15    Spells: 5/5 levels left

rFire   . . .        a - +0 shortbow
rCold   . . .        (shield currently unavailable)
rNeg    + . .        c - +0 leather armour
rPois   inf          (no helmet)
rElec   +            (no cloak)
rCorr   .            (no gloves)
SInv    .            (no boots)
Will    .....        (no amulet)
Stlth   ++           b - +6 ring of strength
HPRegen 0.26/turn    (no ring)
MPRegen 0.10/turn

%: no passive effects
@: no status effects
A: sickness immunity, AC +4, negative energy resistance 1, electricity
resistance, torment resistance 1, petrification resistance
a: no special abilities


You were on level 4 of the Dungeon.
You visited 1 branch of the dungeon, and saw 4 of its levels.

You collected 178 gold pieces.


Innate Abilities, Weirdness & Mutations

You are immune to sickness and miasma.
Your stone body is resilient. (AC +4)
You are immune to poison.
You resist negative energy. (rN+)
You are resistant to electric shocks. (rElec)
You are resistant to unholy torment.
You are immune to petrification.


   Skills:
 - Level 4.2 Fighting
 + Level 6.2 Ranged Weapons
 - Level 1.5 Dodging
 - Level 1.1 Stealth


You had 5 spell levels left.
You didn't know any spells.
Your spell library was empty.

Inventory:

Hand Weapons
 a - a +0 shortbow (weapon)
Armour
 c - a +0 leather armour (worn)
Jewellery
 b - a +6 ring of strength (left hand)
Wands
 h - a wand of mindburst (8)
Potions
 d - a potion of curing
 k - a potion of enlightenment
 l - a potion of might {unknown}

Dungeon Overview and Level Annotations

Branches:
Dungeon (4/15)
 Temple: D:4-7

Altars:


Message History

The arrow hits the orc but does no damage.
The orc hits you but does no damage. The orc barely misses you.
The orc misses you.
You shoot an arrow. The arrow hits the orc.
The orc is heavily wounded.
The orc hits you but does no damage. x2; The orc barely misses you.
You shoot an arrow.
The arrow hits the orc but does no damage.
The orc is heavily wounded.
The orc barely misses you. The orc hits you but does no damage. x2
You shoot an arrow. The arrow hits the orc.
You kill the orc!
The orc priest closely misses you. The orc hits you with a +0 flail.
The orc hits you with a +0 dagger.
You shoot an arrow. The arrow hits the orc priest!
The orc priest is heavily wounded.
The orc priest calls down the wrath of Beogh upon you.
Beogh smites you! The orc hits you but does no damage. x2
You shoot an arrow.
The arrow closely misses the orc priest.
The orc priest closely misses you. The orc completely misses you.
The orc hits you but does no damage. The orc closely misses you.
The orc hits you but does no damage. The orc priest closely misses you.
You shoot an arrow.
The arrow hits the orc priest but does no damage.
The orc priest is moderately wounded.
The orc hits you with a +0 flail! The orc closely misses you.
The orc priest hits you but does no damage.
You shoot an arrow.
The arrow closely misses the orc priest.
The orc hits you but does no damage. x2
The orc priest hits you but does no damage.
You shoot an arrow. The arrow hits the orc priest.
The orc priest is heavily wounded.
The orc priest closely misses you. The orc barely misses you.
The orc hits you but does no damage.
You shoot an arrow.
The arrow closely misses the orc priest.
The orc priest misses you. The orc hits you with a +0 flail.
You die...

#....##.......
.# ..#
.#...#..........
. ..
.......###......
#. .. .......#
...... ##..#.
.......# #.....
##...#. .....).#
..!##
#......#......#
......oo.>.....
......$@......$
.....(o........
.......##.....#
....... #...##
.#.#.## #### #
.. #. ..


You could see an orc priest and 2 orcs.

Vanquished Creatures
  3 orc priests (D:3)
  6 adders
  4 dart slugs
  5 orcs
  7 endoplasms
  4 giant cockroaches
  9 goblins
  4 hobgoblins
  6 jackals
  2 quokkas
  7 ball pythons
  7 bats
  2 frilled lizards
  7 kobolds
  5 rats
78 creatures vanquished.

Notes
Turn   | Place    | Note
-------+----------+-------------------------------------------
     0 | D:1      | qw the Gargoyle Hunter began the quest for the Orb.
     0 | D:1      | Reached XP level 1. HP: 12/12 MP: 1/1
     0 | D:1      | 0 ||| qw: Version: 0.3-a-132-g3d54051
     0 | D:1      | 0 ||| qw: Game counter: 548
     0 | D:1      | 0 ||| qw: Melee chars always use a shield: true
     0 | D:1      | 0 ||| qw: God list: Okawaru
     0 | D:1      | 0 ||| qw: Allow faded altars: false
     0 | D:1      | 0 ||| qw: Do Orc after clearing Dungeon:15 true
     0 | D:1      | 0 ||| qw: Do second Lair branch before Depths: true
     0 | D:1      | 0 ||| qw: Lair rune preference: random
     0 | D:1      | 0 ||| qw: Goals: Normal
     0 | D:1      | 0 ||| PLANNING D:1-11
   136 | D:1      | Reached XP level 2. HP: 17/17 MP: 2/2
   393 | D:1      | Reached XP level 3. HP: 21/21 MP: 3/3
   445 | D:1      | 445 ||| READING scroll labelled EFOEQUGAEKH.
   448 | D:1      | 448 ||| READING scroll labelled CURURU ALICION.
   448 | D:1      | 448 ||| IDENTIFYING metallic inky potion
   449 | D:1      | 449 ||| DRINKING 2 green potions.
   450 | D:1      | 450 ||| DROPPING scroll of butterflies.
   451 | D:1      | 451 ||| DROPPING potion of lignification.
   477 | D:2      | Reached skill level 5 in Ranged Weapons
   584 | D:2      | 584 ||| FLEEEEING.
   680 | D:2      | Reached skill level 3 in Fighting
  1049 | D:2      | Reached XP level 4. HP: 27/28 MP: 4/4
  1108 | D:2      | 1108 ||| FLEEEEING.
  1109 | D:2      | 1109 ||| STAIRDANCE
  1132 | D:1      | 1132 ||| UPGRADING to +6 ring of strength.
  1621 | D:3      | Reached XP level 5. HP: 28/32 MP: 5/5
  1621 | D:3      | 1621 ||| FLEEEEING.
  1622 | D:3      | 1622 ||| FLEEEEING.
  1623 | D:3      | 1623 ||| FLEEEEING.
  1626 | D:3      | Reached skill level 6 in Ranged Weapons
  2132 | D:3      | 2132 ||| READING 2 scrolls of identify.
  2132 | D:3      | 2132 ||| IDENTIFYING viscous coppery potion
  2133 | D:3      | 2133 ||| READING scroll of identify.
  2133 | D:3      | 2133 ||| IDENTIFYING cyan potion
  2134 | D:3      | 2134 ||| READING scroll labelled DOAN XOREKATHRI.
  2135 | D:3      | 2135 ||| READING scroll labelled WUKOME DUFAIXKE.
  2236 | D:3      | 2236 ||| DRINKING 2 viscous puce potions.
  2237 | D:3      | 2237 ||| DROPPING potion of ambrosia.
  2238 | D:3      | 2238 ||| DROPPING potion of attraction.
  2319 | D:4      | Reached XP level 6. HP: 38/38 MP: 6/6
  2362 | D:4      | HP: 3/38 [orc/+0 flail (8)]
  2365 | D:4      | Slain by an orc

Levels and vault maps discovered:
D:1:      roderic_crossed_star, layout_basic
D:2:      layout_loops_ring
D:3:      kb_forest_paths, layout_basic
D:4:      layout_rooms, gammafunk_temple_overflow_pools,
          minmay_temple_entry_proselytizer, hangedman_decor_points

Skill      XL: |  1  2  3  4  5 |
---------------+----------------+-----
Ranged Weapons | 5 6 |  6.2
Fighting       | 3 4 |  4.2
Dodging        | |  1.5
Stealth        | |  1.1

Action                     |  1- 3 |  4- 6 || total
---------------------------+-------+-------++-------
   Fire: Shortbow          |   110 |   163 ||   273
    Use: Scroll            |     2 |     4 ||     6
         Potion            |     1 |     1 ||     2
 Armour: Leather armour    |    22 |    59 ||    81
  Dodge: Dodged            |    21 |    56 ||    77

Table legend:
 A = Non-vault XP
 B = Vault XP
 C = Vault XP percentage of total XP
 D = Non-vault monster count
 E = Vault monster count
 F = Vault count percentage of total count
                 A         B        C        D         E       F
            +---------+---------+-------+---------+---------+-------
      Total |     324 |      14 |   4.1 |      72 |       6 |   7.7
            +---------+---------+-------+---------+---------+-------
        D:1 |      37 |       0 |   0.0 |      21 |       0 |   0.0
        D:2 |      50 |       0 |   0.0 |      22 |       0 |   0.0
        D:3 |     190 |      14 |   6.9 |      19 |       6 |  24.0
        D:4 |      47 |       0 |   0.0 |      10 |       0 |   0.0
            +---------+---------+-------+---------+---------+-------
